 Dungeon Sprint DCSS version 0.31-a0-716-gc7603755dd (webtiles) character file.

Game seed: 14747034465870825566

1200 rocky1 the Carver (level 8, -2/65 HPs)
             Began as a Djinni Fighter on Sept 11, 2023.
             Was an Initiate of Gozag.
             Slain by a cyclops (21 damage)
             ... in the Dungeon (Sprint IX: "|||||||||||||||||||||||||||||").
             The game lasted 00:01:52 (500 turns).

rocky1 the Carver (Djinni Fighter)                   Turns: 500, Time: 00:01:53

Health: -2/65      AC: 13    Str: 15    XL:     8   Next: 72%
Gold:   576        EV: 10    Int: 11    God:    Gozag SH:  6 Dex: 17

rFire   + + .        k - +2 scimitar (holy)
rCold   x . .        c - +0 buckler
rNeg    . . .        m - +1 chain mail
rPois   ∞            l - +0 helmet
rElec   .            (no cloak)
rCorr   .            (no gloves)
SInv    .            (boots unavailable)
Will    .....        (no amulet) Stlth
                     o - +3 ring of dexterity
HPRegen 0.30/turn    n - +2 ring of evasion
MPRegen 0.00/turn

%: no teleportation, infuse magic (-3 HP)
@: gold aura, flying, invisible
A: sickness immunity, fire resistance 2, cold vulnerability 1, float, innate
caster, HP casting, extra vitality 1
a: Renounce Religion, Potion Petition, Call Merchant, Bribe Branch


You were in the Dungeon.
You worshipped Gozag.
Gozag was pleased with you.
You visited 1 branch You collected 576 gold pieces.

Inventory:

Hand Weapons
 a - a +0 long sword
 k - a +2 scimitar of holy wrath (weapon)
Armour
 b - a +0 scale mail
 c - a +0 buckler (worn)
 l - a +0 helmet (worn)
 m - a +1 chain mail (worn)
Jewellery
 n - a +2 ring of evasion (right hand)
 o - a +3 ring of dexterity (left hand)
Wands
 j - a wand of iceblast (6) (quivered)
Scrolls
 i - 2 scrolls of blinking
Potions
 d - a potion of might
 e - 3 potions of curing
 g - a potion of haste


   Skills:
 + Level 8.0 Fighting
 * Level 12.3 Long Blades
 + Level 8.1 Armour
 + Level 3.5 Dodging
 + Level 6.1 Shields
 + Level 1.2 Evocations


You knew the following spells:

 Your Spells              Type           Power      Damage    Failure   Level
a - Magic Dart            Conj           0%         1d3       99%         1
b - Blink                 Tloc           0%         N/A       100%        2
c - Hailstorm             Conj/Ice       0%         3d3       100%        3
Your spell library was empty.


Dungeon Overview and Level Annotations

Branches:
Dungeon (1/1)

Altars:
Cheibriados
Dithmenos
Elyvilon
Fedhas
Gozag
Hepliaklqana
Makhleb
Nemelex Xobeh
Okawaru
Qazlal
Ru
Trog
Uskayaw
Wu Jian
Xom
Yredelemnul
Zin
The Shining One
Jiyva
Lugonu


Innate Abilities, Weirdness & Mutations

You are immune to sickness and miasma.
You are immune to poison.
Your flesh is very heat resistant. (rF++)
You are vulnerable to cold. (rC-)
You float through the air rather than walking.
You learn spells naturally, not from books.
Your magical power is your life essence.
You have superior vitality. (+4 MHP)


Message History

You kill the centaur warrior!
The cyclops is distracted by your dazzling golden aura.
Your Fighting skill increases to level 8!
The manticore is no longer distracted by gold.
Things that are here:
153 gold pieces; a +0 orcbow The cyclops shouts!
You hit the cyclops but do no damage.
The cyclops is no longer distracted by gold.
You hit the cyclops.
The cyclops is lightly wounded.
The manticore is no longer distracted by gold.
The cyclops barely misses you.
You catch the helpless cyclops completely off-guard!
You slash the cyclops!
The cyclops is moderately wounded.
The manticore flicks its tail.
The volley of spikes hits the cyclops!
The cyclops shouts!
You hit the cyclops but do no damage.
The cyclops is severely wounded.
The cyclops hits you!!
* * * LOW HITPOINT WARNING * * *
The manticore flicks its tail.
The volley of spikes hits the cyclops!
Unknown command.
You feel better.
The cyclops shouts!
The manticore is distracted by your dazzling golden aura.
The cyclops hits you!
* * * LOW HITPOINT WARNING * * *
Unknown command.
Okay, then.
You feel better.
The manticore is distracted by your dazzling golden aura.
You barely miss the cyclops.
The cyclops is severely wounded.
The cyclops hits you!!
You die...
Your body crumbles into a pile of gold. ▓▓▓▓▓▓▓▓▓▓▓▓▓▓▓▓▓▓▓▓▓▓▓ ?)..[...'.)....$@CHuH.+ ▓▓▓▓▓▓▓▓▓▓▓▓▓▓▓▓▓▓▓▓▓▓▓

You could see a brown ugly thing (unable to see you), 2 manticores and a cyclops (unable to see you, skewered).

Vanquished Creatures
  A centaur warrior (D)
  2 wraiths (D)
  2 yaks (D)
  An ice beast (D)
  An ogre (D)
  A centaur (D)
  A howler monkey (D)
  A gnoll bouda (D)
  An orc wizard (D)
  A dart slug (D)
  An endoplasm (D)
  A jackal (D)
  2 ball pythons (D)
  A kobold (D)
17 creatures vanquished.

Vanquished Creatures (others)
  A hydra (D)
1 creature vanquished.

Grand Total: 18 creatures vanquished

Notes
Turn   | Place    | Note
-------+----------+-------------------------------------------
     0 | D        | rocky1 the Djinni Fighter began the quest for the Orb.
     0 | D        | Reached XP level 1. HP: 20/20 MP: 0/0
    10 | D        | Reached skill level 2 in Long Blades
    23 | D        | Reached XP level 2. HP: 13/25 MP: 0/0
    77 | D        | Noticed an ice beast
    77 | D        | Noticed an ogre
    87 | D        | Killed an ice beast
    88 | D        | Reached skill level 5 in Fighting
    88 | D        | Reached skill level 5 in Long Blades
    88 | D        | Reached skill level 5 in Armour
    88 | D        | Reached skill level 1 in Dodging
    88 | D        | Reached XP level 3. HP: 28/33 MP: 0/0
    88 | D        | Learned a level 1 spell: Magic Dart
    88 | D        | Reached XP level 4. HP: 33/39 MP: 0/0
    88 | D        | Reached XP level 5. HP: 36/43 MP: 0/0
    88 | D        | Learned a level 2 spell: Blink
    93 | D        | Killed an ogre
    94 | D        | Reached skill level 6 in Long Blades
    94 | D        | Reached skill level 5 in Shields
   100 | D        | Reached XP level 6. HP: 27/50 MP: 0/0
   109 | D        | Reached skill level 7 in Long Blades
   237 | D        | Found a snail-covered altar of Cheibriados.
   237 | D        | Found a shadowy altar of Dithmenos.
   237 | D        | Found a white marble altar of Elyvilon.
   237 | D        | Found a blossoming altar of Fedhas.
   237 | D        | Found an opulent altar of Gozag.
   238 | D        | Found a hazy altar of Hepliaklqana.
   239 | D        | Found a viscous altar of Jiyva.
   241 | D        | Found a corrupted altar of Lugonu.
   242 | D        | Found a burning altar of Makhleb.
   243 | D        | Found a sparkling altar of Nemelex Xobeh.
   244 | D        | Found an iron altar of Okawaru.
   245 | D        | Became a worshipper of Gozag Ym Sagoz the Greedy
   246 | D        | Found a stormy altar of Qazlal.
   247 | D        | Found a sacrificial altar of Ru.
   249 | D        | Found a bloodstained altar of Trog.
   250 | D        | Found a hide-covered altar of Uskayaw.
   252 | D        | Found an ornate altar of the Wu Jian Council.
   253 | D        | Found a shimmering altar of Xom.
   254 | D        | Found a basalt altar of Yredelemnul.
   255 | D        | Found a glowing silver altar of Zin.
   256 | D        | Found a glowing golden altar of the Shining One.
   301 | D        | Noticed a yak
   301 | D        | Noticed a wraith
   301 | D        | Noticed a yak
   301 | D        | Noticed a wraith
   314 | D        | Killed a yak
   315 | D        | Reached skill level 9 in Long Blades
   315 | D        | Reached XP level 7. HP: 22/57 MP: 0/0
   315 | D        | Learned a level 3 spell: Hailstorm
   325 | D        | Killed a wraith
   326 | D        | Reached skill level 10 in Long Blades
   333 | D        | Killed a yak
   334 | D        | Reached skill level 11 in Long Blades
   334 | D        | Reached XP level 8. HP: 20/64 MP: 0/0
   334 | D        | Killed a wraith
   335 | D        | Reached skill level 1 in Evocations
   482 | D        | Noticed a cyclops
   482 | D        | Noticed a centaur warrior
   482 | D        | Noticed a manticore
   482 | D        | Noticed an eight-headed hydra
   482 | D        | Noticed a brown ugly thing
   482 | D        | Noticed a manticore
   488 | D        | Killed an 11-headed hydra
   489 | D        | Reached skill level 12 in Long Blades
   492 | D        | Killed a centaur warrior
   500 | D        | Slain by a cyclops

Illustrated notes

Levels and vault maps discovered:
D:        linesprint [early_d, line_temple, items_1, d_10, items_2, lair_1,
          lair_end, items_3, orc_1, orc_end, items_4, d_15, swamp_1, shoals_1,
          snake_1, spider_1, d_20, vaults_1, items_5, swamp_end, shoals_end,
          snake_end, spider_end, vaults_end, d_27, items_6, zot_1, zot_end,
          crypt_end, forest_end, elf_end, slime_end, tomb_end, abyss_end,
          pan_hell_end]

Skill      XL: |  1  2  3  4  5  6  7  8 |
---------------+-------------------------+-----
Long Blades    | 2 5 6 9 11 12 | 12.3
Fighting       | 5 6 7 8 |  8.0
Armour         | 5 6 7 8 |  8.1
Dodging        | 1 2 3 |  3.5
Shields        | 4 5 6 |  6.1
Evocations     | 1 |  1.2

Action                     |  1- 3 |  4- 6 |  7- 9 || total
---------------------------+-------+-------+-------++-------
  Melee: Long sword        |    27 |    28 |       ||    55
         Scimitar          |       |    13 |    25 ||    38
  Evoke: Wand              |       |       |     4 ||     4
    Use: Potion            |     1 |       |     6 ||     7
   Stab: Invisible         |       |       |     2 ||     2
 Armour: Scale mail        |    19 |    23 |       ||    42
         Chain mail        |       |     9 |    36 ||    45
  Dodge: Dodged            |     8 |    12 |    24 ||    44
  Block: Buckler           |     5 |     5 |     9 ||    19

Table legend: (Time is in decaauts)
 A = Elapsed time spent in this place.
 B = Non-inter-level travel time spent in this place.
 C = Inter-level travel time spent in this place.
 D = Time resting spent in this place.
 E = Time spent auto-exploring this place.
 F = Levels seen in this place.
 G = Mean time per level.
                   A        B        C        D        E       F      G
               +--------+--------+--------+--------+--------+-----+--------+
         Total |    529 |    529 |      0 |    301 |      0 |   1 |  529.0 |
       Dungeon |    529 |    529 |      0 |    301 |      0 |   1 |  529.0 |
               +--------+--------+--------+--------+--------+-----+--------+

Top non-repeatable levels by time:
       D: 529 daAuts
